 Dungeon Crawl Stone Soup version 0.30-a0-723-gc1506a1cf0 (webtiles) character file.

Game seed: 10832430028225963127

1941 Hamu the Chucker (level 9, -4/67 HPs)
             Began as a Gnoll Wanderer on Jan 28, 2023.
             Was an Initiate of Cheibriados.
             Slain by a yak (7 damage)
             ... on level 7 of the Dungeon.
             The game lasted 00:09:27 (6214 turns).

Hamu the Chucker (Gnoll Wanderer)                   Turns: 6214, Time: 00:09:27

Health: -4/67      AC:  4    Str: 13    XL:     9   Next: 18%
Magic:  0/34       EV: 13    Int: 14    God:    Cheibriados [......]
Gold:   438        SH:  0    Dex: 15    Spells: 14/18 levels left

rFire   . . .      SeeInvis .    a - +3 dagger
rCold   . . .      Faith    .    (no shield)
rNeg    . . .      Spirit   +    d - +1 leather armour
rPois   .          Reflect  .    (no helmet)
rElec   .          Harm     .    (no cloak)
rCorr   .          Rampage  .    (no gloves)
Will    .....                    (no boots)
Stlth   ++                       k - amulet of guardian spirit
HPRegen 0.31/turn                e - ring of magical power
MPRegen 0.24/turn                l - ring of magical power

@: silenced, very slow
A: fangs 1, strong nose, distributed training
a: Renounce Religion


You were on level 7 of the Dungeon.
You worshipped Cheibriados.
Cheibriados was noncommittal.
You visited 2 branches of the dungeon, and saw 8 of its levels.

You collected 438 gold pieces.

Inventory:

Hand Weapons
 a - a +3 dagger (weapon)
Missiles
 m - 15 poisoned darts
 r - 5 curare-tipped darts (quivered)
Armour
 d - a +1 leather armour (worn)
Magical Staves
 h - a staff of poison
 n - a staff of air
 C - a staff of conjuration
Jewellery
 e - a ring of magical power (left hand)
 k - an amulet of guardian spirit (around neck)
 l - a ring of magical power (right hand)
 t - a ring of flight
Wands
 A - a wand of polymorph (14)
Scrolls
 b - 5 scrolls of identify
 f - 2 scrolls of immolation
 p - a scroll of blinking {unknown}
 q - a scroll of vulnerability {unknown}
 u - a scroll of enchant armour
 v - a scroll of fog
 w - a scroll of fear {unknown}
 y - a scroll of brand weapon {unknown}
Potions
 c - 3 potions of attraction
 g - a potion of lignification {unknown}
 i - a potion of cancellation
 o - a potion of flight {unknown}
 s - 2 potions of mutation {unknown}
 x - a potion of might
 z - 2 potions of magic {unknown}
 B - a potion of heal wounds {unknown}


   Skills:
 + Level 4.9 Fighting
 + Level 4.1 Short Blades
 + Level 4.1 Long Blades
 + Level 4.1 Axes
 + Level 4.1 Maces & Flails
 + Level 4.1 Polearms
 + Level 4.1 Staves
 + Level 4.1 Ranged Weapons
 + Level 7.8 Throwing
 + Level 4.1 Armour
 + Level 4.1 Dodging
 + Level 6.0 Stealth
 + Level 4.1 Shields
 + Level 4.1 Unarmed Combat
 + Level 5.1 Spellcasting
 + Level 3.4 Conjurations
 + Level 3.4 Hexes
 + Level 3.4 Summonings
 + Level 3.4 Necromancy
 + Level 3.4 Translocations
 + Level 3.4 Transmutations
 + Level 6.5 Fire Magic
 + Level 3.4 Ice Magic
 + Level 3.4 Air Magic
 + Level 3.4 Earth Magic
 + Level 3.4 Poison Magic
 + Level 4.5 Invocations
 + Level 4.1 Evocations


You had 14 spell levels left.
You knew the following spells:

 Your Spells              Type           Power      Damage    Failure   Level
a - Foxfire               Conj/Fire      68%        2x1d7     2%          1
b - Inner Flame           Hex/Fire       17%        N/A       9%          3

Your spell library contained the following spells:

 Spells                   Type           Power      Damage    Failure   Level
 Hailstorm                Conj/Ice       13%        3d5       16%         3
 Ice Form                 Ice/Tmut       13%        N/A       45%         4
 Fireball                 Conj/Fire      8%         3d6       61%         5
 Iskenderun's Battlesphe  Conj           13%        2d7       82%         5
 Conjure Ball Lightning   Conj/Air       6%         3x3d6     100%        6
 Simulacrum               Ice/Necr       6%         N/A       100%        6
 Orb of Destruction       Conj           6%         9d6       100%        7


Dungeon Overview and Level Annotations

Branches:
Dungeon (7/15)             Temple (1/1) D:5

Altars:
Ashenzari
Cheibriados
Elyvilon
Fedhas
Gozag
Hepliaklqana
Makhleb
Nemelex Xobeh
Okawaru
Qazlal
Sif Muna
Trog
Uskayaw
Vehumet
Wu Jian
Xom
Yredelemnul
Zin
The Shining One

Shops:
D:4 (


Innate Abilities, Weirdness & Mutations

You have very sharp teeth.
Your uncanny sense of smell can sniff out nearby items.
Your experience applies equally to all skills.


Message History

The yak is severely wounded.
The yak gores you!
You barely miss the yak. You bite the yak.
The yak is severely wounded.
You hit the yak.
The yak is severely wounded.
The yak gores you!
You hit the yak.
The yak is severely wounded.
The yak closely misses you.
You hit the yak. You bite the yak, but do no damage.
The yak is almost dead.
The yak gores you.
You hit the yak.
The yak is almost dead.
A kobold brigand comes into view.
It is wielding a +0 dagger and quivering poisoned darts.
The yak gores you but does no damage.
The kobold brigand shouts!
You hit the yak but do no damage. You bite the yak, but do no damage.
The yak is almost dead.
You hit the yak but do no damage.
The yak is almost dead.
The yak gores you.
* * * LOW HITPOINT WARNING * * *
You barely miss the yak.
The yak is almost dead.
The kobold brigand drinks a potion.
The kobold brigand seems to grow stronger.
The yak gores you!
* * * LOW HITPOINT WARNING * * *
The kobold brigand misses you.
You miss the kobold brigand.
The kobold brigand hits you with a +0 dagger.
* * * LOW HITPOINT WARNING * * *
The yak gores you!
* * * LOW HITPOINT WARNING * * *
As you read the scroll labelled VOXOPLO ZEGAISK, it crumbles to dust.
A profound silence engulfs you.
It was a scroll of silence.
The kobold brigand misses you. The yak gores you!
You die...

#.##.####.#####..#####
#.##.# ##.........#
...#.#. ........###.#
....... ........# #.#
....... .##.###.# #)#
....#.# #. ##.###.#
...##.# #
....#.####### ..##
#K#.#........ ###
#@#.#.######. #Y#..)#
#Y#..## ##K##.#
#.YY#.# #._.#.#
#...#.# ##.##.##
#.#...######.


You could see 4 yaks, a kobold brigand (strong) and a kobold.

Vanquished Creatures
  Grinder (D:3)
  2 yaks (D:7)
  Menkaure (D:5)
  A water moccasin (D:7)
  An orc warrior (D:6)
  An ice beast (D:6)
  2 ogres
  A phantom (D:4)
  2 bullfrogs
  Blork the orc (D:6)
  A scorpion (D:7)
  A howler monkey (D:5)
  A jelly (D:6)
  An orc priest (D:6)
  4 hounds
  4 iguanas
  2 orc wizards
  7 adders
  3 gnolls (D:3)
  A shadow imp (D:5)
  An ufetubus (D:6)
  A worm (D:2)
  2 dart slugs (D:3)
  8 orcs
  4 bats
  4 endoplasms
  A giant cockroach (D:3)
  10 goblins
  6 hobgoblins
  4 quokkas
  6 ball pythons
  2 frilled lizards (D:1)
  8 kobolds
  8 rats
103 creatures vanquished.

Vanquished Creatures (others)
  A rat (D:2)
  52 foxfires
  30 fungi (D:7)
  3 toadstools (D:7)
86 creatures vanquished.

Grand Total: 189 creatures vanquished

Notes
Turn   | Place    | Note
-------+----------+-------------------------------------------
     0 | D:1      | Hamu the Gnoll Wanderer began the quest for the Orb.
     0 | D:1      | Hamu set off with the following items: a +3 dagger, a
                  | curare-tipped dart, a potion of attraction, a +0 leather
                  | armour; and the following spell memorised: Foxfire; and the
                  | following spells available to memorise: Inner Flame.
     0 | D:1      | Reached XP level 1. HP: 17/17 MP: 4/4
   327 | D:1      | Reached XP level 2. HP: 23/23 MP: 5/5
   732 | D:1      | Reached XP level 3. HP: 28/28 MP: 7/7
  1218 | D:2      | Learned a level 3 spell: Inner Flame
  1228 | D:2      | Reached skill level 1 in Invocations
  1389 | D:2      | Reached skill level 1 in Short Blades
  1389 | D:2      | Reached skill level 1 in Long Blades
  1389 | D:2      | Reached skill level 1 in Axes
  1389 | D:2      | Reached skill level 1 in Maces & Flails
  1389 | D:2      | Reached skill level 1 in Polearms
  1389 | D:2      | Reached skill level 1 in Staves
  1389 | D:2      | Reached skill level 1 in Ranged Weapons
  1389 | D:2      | Reached skill level 1 in Armour
  1389 | D:2      | Reached skill level 1 in Dodging
  1389 | D:2      | Reached skill level 1 in Shields
  1389 | D:2      | Reached skill level 1 in Unarmed Combat
  1389 | D:2      | Reached skill level 1 in Evocations
  1926 | D:3      | Noticed Grinder
  1936 | D:3      | Killed Grinder
  1937 | D:3      | Reached skill level 1 in Conjurations
  1937 | D:3      | Reached skill level 1 in Hexes
  1937 | D:3      | Reached skill level 1 in Summonings
  1937 | D:3      | Reached skill level 1 in Necromancy
  1937 | D:3      | Reached skill level 1 in Translocations
  1937 | D:3      | Reached skill level 1 in Transmutations
  1937 | D:3      | Reached skill level 1 in Ice Magic
  1937 | D:3      | Reached skill level 1 in Air Magic
  1937 | D:3      | Reached skill level 1 in Earth Magic
  1937 | D:3      | Reached skill level 1 in Poison Magic
  1937 | D:3      | Reached XP level 4. HP: 34/35 MP: 9/9
  1937 | D:3      | Reached XP level 5. HP: 40/41 MP: 10/10
  1937 | D:3      | Reached XP level 6. HP: 46/47 MP: 11/11
  2976 | D:4      | Found a broken altar of Ashenzari.
  3139 | D:4      | Found a hazy altar of Hepliaklqana.
  3162 | D:4      | Found Aliov's Antique Weapon Shop.
  3176 | D:4      | Reached skill level 7 in Throwing
  3176 | D:4      | Reached XP level 7. HP: 40/52 MP: 12/12
  3435 | D:5      | Entered Level 5 of the Dungeon
  3583 | D:5      | Reached skill level 5 in Stealth
  3863 | D:5      | Noticed Menkaure
  3869 | D:5      | Killed Menkaure
  3989 | D:5      | Found a stormy altar of Qazlal.
  4053 | D:5      | Reached XP level 8. HP: 60/60 MP: 14/14
  4180 | D:5      | Found a staircase to the Ecumenical Temple.
  4197 | Temple   | Entered the Ecumenical Temple
  4329 | D:5      | Found an iron altar of Okawaru.
  4431 | D:5      | You fall into a shaft and drop 2 floors!
  4649 | D:6      | Noticed Blork the orc
  4652 | D:6      | Killed Blork the orc
  5845 | D:7      | Found a snail-covered altar of Cheibriados.
  5873 | D:7      | Became a worshipper of Cheibriados the Contemplative
  6049 | D:7      | Reached XP level 9. HP: 34/66 MP: 16/16
  6169 | D:7      | Found a shimmering blue altar of Sif Muna.
  6179 | D:7      | Reached skill level 5 in Spellcasting
  6213 | D:7      | HP: 3/67 [yak (8)]
  6214 | D:7      | Slain by a yak

Illustrated notes

Levels and vault maps discovered:
D:1:      evilmike_arrival_hilbert_curve, layout_loops_ring
D:2:      layout_loops_ring, shapermc_ecumenical_altar_petra,
          lemuel_flame_loot_1
D:3:      layout_loops_ring, columned_hall_lemuel, hangedman_decor_push,
          chequers_arboretum, uniq_grinder
D:4:      layout_basic, lemuel_doored_altar, lemuel_round_altar, serial_shops,
          nicolae_shop_stone
D:5:      layout_basic, grunt_qazlal_sundering, lemuel_round_altar,
          minmay_temple_entry_crystal_x, uniq_menkaure
D:6:      layout_rooms, serial_curves, eino_curves_02, eino_curves_03,
          kennysheep_nondescript, minivault_22, uniq_blork_the_orc
D:7:      layout_loops_ring, nicolae_dithmenos_shadow_blocks,
          mainiacjoe_overflow_surrounded_room, mainiacjoe_overflow_catwalk,
          serial_bayou_pond_e, dreamdust_mushroom_princess,
          minmay_gold_behind_fungi
Temple:   nicolae_temple_god_jail

Skill      XL: |  1  2  3  4  5  6  7  8  9 |
---------------+----------------------------+-----
Invocations    | 2 3 4 |  4.5
Short Blades   | 1 2 3 4 |  4.1
Long Blades    | 1 2 3 4 |  4.1
Axes           | 1 2 3 4 |  4.1
Maces & Flails | 1 2 3 4 |  4.1
Polearms       | 1 2 3 4 |  4.1
Staves         | 1 2 3 4 |  4.1
Ranged Weapons | 1 2 3 4 |  4.1
Armour         | 1 2 3 4 |  4.1
Dodging        | 1 2 3 4 |  4.1
Shields        | 1 2 3 4 |  4.1
Unarmed Combat | 1 2 3 4 |  4.1
Evocations     | 1 2 3 4 |  4.1
Fighting       | 3 4 |  4.9
Spellcasting   | 3 4 5 |  5.1
Conjurations   | 1 2 3 |  3.4
Hexes          | 1 2 3 |  3.4
Summonings     | 1 2 3 |  3.4
Necromancy     | 1 2 3 |  3.4
Translocations | 1 2 3 |  3.4
Transmutations | 1 2 3 |  3.4
Ice Magic      | 1 2 3 |  3.4
Air Magic      | 1 2 3 |  3.4
Earth Magic    | 1 2 3 |  3.4
Poison Magic   | 1 2 3 |  3.4
Throwing       | 7 |  7.8
Stealth        | 5 6 |  6.0
Fire Magic     | 6 |  6.5

Action                     |  1- 3 |  4- 6 |  7- 9 || total
---------------------------+-------+-------+-------++-------
  Melee: Dagger            |   104 |    85 |   190 ||   379
         Punch             |     1 |     1 |     6 ||     8
         Bite              |     3 |    11 |    24 ||    38
  Throw: Dart              |       |     6 |     7 ||    13
   Cast: Foxfire           |     4 |    10 |    21 ||    35
         Inner Flame       |     1 |     1 |    10 ||    12
  Evoke: Wand              |       |       |    21 ||    21
    Use: Scroll            |     3 |     2 |     3 ||     8
         Potion            |       |       |     2 ||     2
   Stab: Sleeping          |     9 |     1 |     2 ||    12
 Armour: Leather armour    |    25 |    21 |    37 ||    83
  Dodge: Dodged            |    48 |    39 |   130 ||   217

Table legend: (Time is in decaauts)
 A = Elapsed time spent in this place.
 B = Non-inter-level travel time spent in this place.
 C = Inter-level travel time spent in this place.
 D = Time resting spent in this place.
 E = Time spent auto-exploring this place.
 F = Levels seen in this place.
 G = Mean time per level.
                   A        B        C        D        E       F      G
               +--------+--------+--------+--------+--------+-----+--------+
         Total |   6184 |   5939 |    245 |      0 |   4910 |   8 |  773.0 |
       Dungeon |   6099 |   5866 |    233 |      0 |   4849 |   7 |  871.3 |
        Temple |     84 |     72 |     12 |      0 |     61 |   1 |   84.0 |
               +--------+--------+--------+--------+--------+-----+--------+

Top non-repeatable levels by time:
     D:6: 1134 daAuts
     D:3: 1075 daAuts
     D:5: 978 daAuts
     D:2: 936 daAuts
     D:1: 905 daAuts
     D:7: 569 daAuts
     D:4: 500 daAuts
  Temple: 84 daAuts
